 Dungeon Sprint DCSS version 0.20-b1-18-gaa2fd62 (webtiles) character file.

116 potatolord6000 the Ducker (level 4, 0/28 HPs)
             Began as a Deep Elf Gladiator on May 24, 2017.
             Was an Initiate of Gozag.
             Slain by a phantom (5 damage)
             ... in the Dungeon (Sprint IX: "|||||||||||||||||||||||||||||").
             The game lasted 00:01:46 (222 turns).

potatolord6000 the Ducker (Deep Elf Gladiator)       Turns: 222, Time: 00:01:47

Health: 0/28       AC:  9    Str: 11    XL:     4   Next: 70%
Magic:  6/6        EV: 15    Int: 13    God:    Gozag
Gold:   0          SH:  0    Dex: 17    Spells: 3/3 levels left

rFire    . . .     SeeInvis .   n - +2 rapier (venom)
rCold    . . .     Gourm    .   (no shield)
rNeg     . . .     Faith    .   b - +0 leather armour
rPois    .         Spirit   .   c - +0 helmet
rElec    .         Reflect  .   (no cloak)
rCorr    .         Harm     .   a - +0 pair of gloves
MR       .....     NoTele   +   (no boots)
Stlth    +++.......             (no amulet)
Regen    0.1/turn               p - +2 ring of protection
MPRegen  0.1/turn               o - +2 ring of protection

@: gold aura
A: no striking features
a: Potion Petition, Call Merchant, Bribe Branch, Renounce Religion


You were in the Dungeon.
You worshipped Gozag.
Gozag was noncommittal.
You were not hungry.

You visited 1 branch

Inventory:

Hand Weapons
 n - a +2 rapier of venom (weapon)
Armour
 a - a +0 pair of gloves (worn)
 b - a +0 leather armour (worn)
 c - a +0 helmet (worn)
Jewellery
 o - a +2 ring of protection (right hand)
 p - a +2 ring of protection (left hand)
Scrolls
 k - 2 scrolls of blinking
 l - 3 scrolls of remove curse
 m - 2 scrolls of amnesia
Potions
 d - a potion of invisibility
 e - 4 potions of curing
 g - 3 potions of heal wounds
 h - a potion of haste
 i - 4 potions of magic
 j - a potion of berserk rage
Comestibles
 f - a bread ration


   Skills:
 + Level 3.6 Fighting
 + Level 5.3 Short Blades
 - Level 2.0 Throwing
 + Level 3.1 Armour
 + Level 6.1 Dodging
 + Level 5.2 Stealth


You had 3 spell levels left.
You didn't know any spells.

Dungeon Overview and Level Annotations

Branches:
Dungeon (1/1)

Altars:
Cheibriados
Dithmenos
Elyvilon
Fedhas
Gozag
Hepliaklqana
Kikubaaqudgha
Makhleb
Nemelex Xobeh
Okawaru
Qazlal
Ru
Sif Muna
Trog
Uskayaw
Vehumet
Xom
Yredelemnul
Zin
The Shining One
Beogh
Jiyva
Lugonu


Message History

You hit the worker ant.
The worker ant is poisoned.
The worker ant is lightly wounded.
The worker ant misses you.
Unknown command.
You hit the worker ant but do no damage.
The worker ant is heavily wounded.
The worker ant barely misses you.
Unknown command.
You hit the worker ant but do no damage.
The worker ant looks as sick as possible!
The worker ant is severely wounded.
You kill the worker ant!
Your Armour skill increases to level 3!
Your Dodging skill increases to level 6!
Your Stealth skill increases to level 5!
The phantom misses you.
You hit the worker ant but do no damage.
The phantom hits you.
You die...
Your body crumbles into a pile of gold. ▓▓▓▓▓▓▓▓▓▓▓▓▓▓▓▓▓▓▓▓▓▓▓▓ __.____'../).[[W@a.n.... ▓▓▓▓▓▓▓▓▓▓▓▓▓▓▓▓▓▓▓▓▓▓▓▓ $ $$$$$$ $$$$$ $ $ $ $$$$$

You could see a phantom, a necrophage and a worker ant.

Vanquished Creatures
  An orc priest (D)
  An orc wizard (D)
  2 worker ants (D)
  An adder (D)
  A bat zombie (D)
  A goblin (D)
  2 bats (D)
  2 frilled lizards (D)
  2 rats (D)
13 creatures vanquished.

Notes
Turn   | Place    | Note
-------+----------+-------------------------------------------
     0 | D        | potatolord6000 the Deep Elf Gladiator began the quest for the Orb.
     0 | D        | Reached XP level 1. HP: 12/12 MP: 3/3
    13 | D        | Reached skill level 1 in Stealth
    15 | D        | Reached skill level 4 in Dodging
    26 | D        | Noticed an orc wizard
    38 | D        | Killed an orc wizard
    38 | D        | Reached skill level 1 in Armour
    38 | D        | Reached XP level 2. HP: 15/18 MP: 4/4
    38 | D        | Reached XP level 3. HP: 19/22 MP: 5/5
    67 | D        | Reached skill level 5 in Dodging
    75 | D        | Found a roughly hewn altar of Beogh.
    75 | D        | Found a snail-covered altar of Cheibriados.
    75 | D        | Found a shadowy altar of Dithmenos.
    75 | D        | Found a white marble altar of Elyvilon.
    75 | D        | Found a blossoming altar of Fedhas.
    75 | D        | Found an opulent altar of Gozag.
    76 | D        | Found a hazy altar of Hepliaklqana.
    77 | D        | Found a viscous altar of Jiyva.
    78 | D        | Found an ancient bone altar of Kikubaaqudgha.
    79 | D        | Found a corrupted altar of Lugonu.
    80 | D        | Found a burning altar of Makhleb.
    81 | D        | Found a sparkling altar of Nemelex Xobeh.
    82 | D        | Found an iron altar of Okawaru.
    83 | D        | Found a stormy altar of Qazlal.
    85 | D        | Became a worshipper of Gozag Ym Sagoz the Greedy
    87 | D        | Found a sacrificial altar of Ru.
    88 | D        | Found a deep blue altar of Sif Muna.
    89 | D        | Found a bloodstained altar of Trog.
    90 | D        | Found a hide-covered altar of Uskayaw.
    91 | D        | Found a radiant altar of Vehumet.
    93 | D        | Found a shimmering altar of Xom.
    94 | D        | Found a basalt altar of Yredelemnul.
    95 | D        | Found a glowing silver altar of Zin.
    96 | D        | Found a glowing golden altar of the Shining One.
   206 | D        | Noticed a phantom
   206 | D        | Noticed a necrophage
   218 | D        | Reached skill level 5 in Short Blades
   218 | D        | Reached XP level 4. HP: 5/28 MP: 6/6
   221 | D        | Reached skill level 6 in Dodging
   221 | D        | Reached skill level 5 in Stealth
   222 | D        | Slain by a phantom

Skill      XL: |  1  2  3  4 |
---------------+-------------+-----
Stealth        | 3 4 5 |  5.2
Dodging        | 4 5 6 |  6.1
Fighting       | 2 3 |  3.6
Short Blades   | 4 5 |  5.3
Armour         | 1 2 3 |  3.1
Throwing       | |  2.0

Action                   |  1- 3 |  4- 6 || total
-------------------------+-------+-------++-------
Melee: Rapier            |    61 |     4 ||    65
  Use: Potion            |     1 |       ||     1
 Stab: Sleeping          |     1 |       ||     1
Armor: Leather armour    |    17 |       ||    17
Dodge: Dodged            |    42 |     3 ||    45
